[ AOE2 MATCH · #477061063 ]
UnrankedHuns vs Dravidians
[ REPLAY ANALYSIS · EXTRACTED FROM THE RECORDED GAME ]
Feudal
14:56
Castle
19:16
Imperial
33:33
| APM avg | 34.3 |
| APM peak | 66 |
| eAPM avg | 20.2 |
| Villagers / military | 148 / 129 |
Focus
⚔️ 23.5% · 🌾 76.5%
Knight ×73 · Skirmisher ×31 · Fishing Ship ×23 · Scout Cavalry ×18 · Fire Galley ×7 · Unknown (2626) ×6
Feudal
12:31
Castle
17:44
Imperial
38:46
| APM avg | 33.3 |
| APM peak | 56 |
| eAPM avg | 19.6 |
| Villagers / military | 118 / 90 |
Focus
⚔️ 24.0% · 🌾 76.0%
Archer ×39 · Spearman ×25 · Mangonel ×9 · Urumi Swordsman ×7 · Skirmisher ×5 · Fishing Ship ×5
Feudal
14:27
Castle
18:21
Imperial
—
| APM avg | 28.5 |
| APM peak | 58 |
| eAPM avg | 17.4 |
| Villagers / military | 182 / 136 |
Focus
⚔️ 27.4% · 🌾 72.6%
Konnik ×126 · Battering Ram ×10 · Fishing Ship ×6
Feudal
13:37
Castle
18:01
Imperial
31:31
| APM avg | 20.4 |
| APM peak | 52 |
| eAPM avg | 14.0 |
| Villagers / military | 107 / 135 |
Focus
⚔️ 22.0% · 🌾 78.0%
Spearman ×128 · Fishing Ship ×16 · Huskarl ×6 · Trebuchet (Packed) ×1
Feudal
14:04
Castle
19:15
Imperial
—
| APM avg | 26.4 |
| APM peak | 57 |
| eAPM avg | 15.8 |
| Villagers / military | 127 / 41 |
Focus
⚔️ 23.5% · 🌾 76.5%
Archer ×29 · Berserk ×11 · Fishing Ship ×7 · Fire Galley ×1 · Unknown (2626) ×1
Feudal
12:54
Castle
19:19
Imperial
40:35
| APM avg | 18.1 |
| APM peak | 29 |
| eAPM avg | 13.4 |
| Villagers / military | 110 / 58 |
Focus
⚔️ 25.7% · 🌾 74.3%
Archer ×25 · Eagle Scout ×16 · Plumed Archer ×9 · Fishing Ship ×8 · Battering Ram ×5 · Unknown (2626) ×4
Feudal
12:25
Castle
16:31
Imperial
—
| APM avg | 15.5 |
| APM peak | 51 |
| eAPM avg | 7.3 |
| Villagers / military | 41 / 11 |
Focus
⚔️ 21.8% · 🌾 78.2%
Genoese Crossbowman ×9 · Fishing Ship ×7 · Mangonel ×2 · Unknown (2626) ×1
Feudal
14:42
Castle
19:16
Imperial
34:22
| APM avg | 26.7 |
| APM peak | 61 |
| eAPM avg | 18.3 |
| Villagers / military | 148 / 108 |
Focus
⚔️ 33.7% · 🌾 66.3%
Knight ×86 · Unknown (2626) ×18 · Spearman ×14 · Fishing Ship ×7 · Battering Ram ×5 · Trebuchet (Packed) ×2
Match map
Initial resources + every placement click. Lines = walls · curves = elevation contours. ◆ gold · ⬟ stone · ● berries · ✦ relic · ◌ wall gap
Your base· Open — 5t gap
Hurin's base· ✓ Closed at 17:44 · 0t walls · no gate
monster's base· Open — 12t gap
LZZ's base· Open — unwalled flank
Albert's base· Open — 9t gap
dongquangthang's base· Open — unwalled flank
KitKat's base· Open — 4t gap
Shaun Ng's base· Open — 9t gap
Smoothed initial terrain · ◌ = detected wall gap · hover for details
Inputs per minute
— DonGet - - Hurin
Build order — DonGet
First 150 of 357 actions detected
| 0:31 | Build | Town Center |
| 2:46 | Create | Villager (Male) |
| 2:46 | Create | Villager (Male) |
| 2:46 | Create | Villager (Male) |
| 2:47 | Create | Villager (Male) |
| 2:47 | Create | Villager (Male) |
| 4:00 | Research | Loom |
| 5:03 | Create | Villager (Male) |
| 5:03 | Create | Villager (Male) |
| 5:14 | Build | Dock |
| 5:35 | Create | Villager (Male) |
| 5:52 | Create | Fishing Ship |
| 6:14 | Create | Villager (Male) |
| 6:14 | Create | Villager (Male) |
| 6:20 | Create | Fishing Ship |
| 6:41 | Create | Villager (Male) |
| 6:42 | Create | Villager (Male) |
| 7:02 | Create | Villager (Male) |
| 7:24 | Create | Fishing Ship |
| 7:24 | Create | Fishing Ship |
| 7:28 | Create | Villager (Male) |
| 7:28 | Create | Villager (Male) |
| 7:47 | Create | Fishing Ship |
| 7:49 | Create | Villager (Male) |
| 8:29 | Create | Villager (Male) |
| 8:29 | Create | Villager (Male) |
| 8:33 | Create | Fishing Ship |
| 8:51 | Create | Fishing Ship |
| 8:55 | Create | Villager (Male) |
| 8:55 | Create | Villager (Male) |
| 9:20 | Build | Dock |
| 9:23 | Create | Villager (Male) |
| 9:23 | Create | Villager (Male) |
| 9:34 | Create | Fishing Ship |
| 9:55 | Create | Villager (Male) |
| 10:06 | Build | Mill |
| 10:33 | Create | Villager (Male) |
| 10:39 | Create | Fishing Ship |
| 10:45 | Create | Villager (Male) |
| 10:52 | Create | Fishing Ship |
| 10:53 | Create | Fishing Ship |
| 11:29 | Create | Fishing Ship |
| 11:29 | Create | Fishing Ship |
| 11:29 | Create | Fishing Ship |
| 11:31 | Create | Villager (Male) |
| 11:56 | Create | Fishing Ship |
| 11:56 | Create | Fishing Ship |
| 12:21 | Create | Villager (Male) |
| 12:24 | Create | Fishing Ship |
| 12:25 | Create | Fishing Ship |
| 12:25 | Create | Fishing Ship |
| 12:45 | Research | Feudal Age |
| 13:07 | Create | Villager (Male) |
| 13:14 | Build | Barracks |
| 13:27 | Build | Mining Camp |
| 13:39 | Build | Mining Camp |
| 13:43 | Create | Villager (Male) |
| 13:47 | Create | Fishing Ship |
| 13:47 | Create | Fishing Ship |
| 14:17 | Create | Villager (Male) |
| 14:27 | Create | Fishing Ship |
| 14:29 | Create | Fishing Ship |
| 14:56 | Age | Feudal Age |
| 15:05 | Build | Stable |
| 15:46 | Build | Blacksmith |
| 15:50 | Create | Villager (Male) |
| 16:30 | Research | Castle Age |
| 16:36 | Build | Archery Range |
| 16:52 | Create | Fire Galley |
| 17:00 | Create | Unit 2626 |
| 17:28 | Create | Villager (Male) |
| 17:38 | Create | Fire Galley |
| 18:07 | Create | Fire Galley |
| 18:25 | Create | Unit 2626 |
| 18:27 | Create | Villager (Male) |
| 19:16 | Age | Castle Age |
| 19:19 | Build | Town Center |
| 19:23 | Create | Knight |
| 19:24 | Create | Knight |
| 19:28 | Research | Forging |
| 19:28 | Research | Scale Barding Armor |
| 19:48 | Create | Villager (Male) |
| 19:49 | Create | Villager (Male) |
| 19:53 | Create | Knight |
| 19:53 | Create | Knight |
| 19:58 | Create | Villager (Male) |
| 20:03 | Build | Town Center |
| 20:50 | Create | Fire Galley |
| 20:50 | Create | Fire Galley |
| 21:15 | Create | Villager (Male) |
| 21:16 | Create | Villager (Male) |
| 21:16 | Create | Villager (Male) |
| 21:17 | Create | Villager (Male) |
| 21:17 | Create | Villager (Male) |
| 21:17 | Create | Villager (Male) |
| 21:18 | Create | Villager (Male) |
| 21:18 | Create | Villager (Male) |
| 21:23 | Create | Knight ×2 |
| 21:23 | Create | Knight ×2 |
| 21:25 | Create | Villager (Male) |
| 21:25 | Create | Villager (Male) |
| 21:51 | Create | Villager (Male) |
| 21:52 | Create | Villager (Male) |
| 21:52 | Create | Villager (Male) |
| 21:53 | Create | Villager (Male) |
| 21:53 | Create | Villager (Male) |
| 21:53 | Create | Villager (Male) |
| 21:53 | Create | Villager (Male) |
| 21:54 | Create | Villager (Male) |
| 21:54 | Create | Villager (Male) |
| 21:54 | Create | Villager (Male) |
| 21:54 | Create | Villager (Male) |
| 21:55 | Create | Villager (Male) |
| 21:55 | Create | Villager (Male) |
| 22:15 | Create | Knight |
| 22:20 | Create | Villager (Male) |
| 22:21 | Create | Villager (Male) |
| 22:21 | Create | Villager (Male) |
| 22:21 | Create | Villager (Male) |
| 22:57 | Create | Villager (Male) |
| 23:00 | Build | Mining Camp |
| 23:09 | Build | Farm |
| 23:09 | Build | Farm |
| 23:09 | Build | Farm |
| 23:09 | Build | Farm |
| 23:10 | Build | Farm |
| 23:11 | Build | Farm |
| 23:15 | Build | Farm |
| 23:15 | Build | Farm |
| 23:15 | Build | Farm |
| 23:15 | Build | Farm |
| 23:16 | Build | Farm |
| 23:16 | Build | Farm |
| 23:16 | Build | Farm |
| 23:25 | Research | War Galley (upgrade) |
| 23:31 | Create | Villager (Male) |
| 23:31 | Create | Villager (Male) |
| 23:32 | Create | Villager (Male) |
| 23:32 | Create | Villager (Male) |
| 23:57 | Create | Fire Galley |
| 23:57 | Create | Fire Galley |
| 24:20 | Create | Unit 2626 |
| 24:20 | Create | Unit 2626 |
| 24:21 | Create | Unit 2626 |
| 24:21 | Create | Unit 2626 |
| 24:29 | Create | Villager (Male) |
| 24:29 | Create | Villager (Male) |
| 24:29 | Create | Villager (Male) |
| 24:30 | Create | Villager (Male) |
| 24:53 | Build | Dock |
Build order — Hurin
First 150 of 358 actions detected
| 0:04 | Build | Town Center |
| 0:25 | Build | Dock |
| 2:26 | Create | Villager (Male) |
| 2:27 | Create | Villager (Male) |
| 2:27 | Create | Villager (Male) |
| 2:27 | Create | Villager (Male) |
| 3:21 | Create | Villager (Male) |
| 3:21 | Create | Villager (Male) |
| 3:54 | Create | Fishing Ship |
| 4:31 | Create | Villager (Male) |
| 4:31 | Create | Villager (Male) |
| 4:37 | Build | House |
| 5:02 | Research | Loom |
| 5:10 | Create | Villager (Male) |
| 5:10 | Create | Villager (Male) |
| 5:20 | Create | Fishing Ship |
| 5:38 | Create | Villager (Male) |
| 6:06 | Build | House |
| 6:11 | Create | Villager (Male) |
| 6:37 | Create | Villager (Male) |
| 6:37 | Create | Villager (Male) |
| 6:43 | Build | House |
| 6:55 | Create | Villager (Male) |
| 7:03 | Create | Fishing Ship |
| 7:17 | Create | Villager (Male) |
| 7:39 | Create | Villager (Male) |
| 7:56 | Create | Villager (Male) |
| 8:00 | Create | Fishing Ship |
| 8:35 | Create | Fishing Ship |
| 8:37 | Create | Villager (Male) |
| 9:04 | Create | Villager (Male) |
| 9:22 | Build | Mill |
| 9:32 | Create | Villager (Male) |
| 9:46 | Create | Villager (Male) |
| 9:55 | Build | House |
| 10:21 | Research | Feudal Age |
| 10:31 | Build | House |
| 10:42 | Build | Mining Camp |
| 11:09 | Build | Outpost |
| 11:33 | Build | Barracks |
| 12:06 | Create | Villager (Male) |
| 12:20 | Create | Villager (Male) |
| 12:31 | Age | Feudal Age |
| 12:35 | Build | Archery Range |
| 12:39 | Build | Blacksmith |
| 12:58 | Build | Market |
| 13:00 | Create | Villager (Male) |
| 13:34 | Build | Mill |
| 13:41 | Create | Villager (Male) |
| 13:47 | Build | House |
| 14:10 | Create | Villager (Male) |
| 14:12 | Create | Archer |
| 14:13 | Create | Archer |
| 14:33 | Create | Archer |
| 14:37 | Create | Villager (Male) |
| 15:04 | Research | Castle Age |
| 15:28 | Build | Lumber Camp |
| 15:58 | Create | Archer |
| 15:59 | Create | Archer |
| 16:10 | Create | Unit 2626 |
| 16:15 | Create | Archer |
| 16:15 | Create | Archer |
| 16:33 | Research | Double-Bit Axe |
| 17:01 | Create | Villager (Male) |
| 17:02 | Create | Archer |
| 17:19 | Research | Fletching |
| 17:44 | Age | Castle Age |
| 17:48 | Build | Siege Workshop |
| 17:50 | Research | Crossbowman (upgrade) |
| 17:56 | Build | Farm |
| 17:58 | Build | Farm |
| 18:06 | Research | Bodkin Arrow |
| 18:34 | Create | Scorpion |
| 18:47 | Build | Town Center |
| 18:55 | Create | Archer |
| 18:55 | Create | Archer |
| 19:17 | Create | Villager (Male) |
| 19:17 | Create | Villager (Male) |
| 19:18 | Create | Archer |
| 19:42 | Create | Villager (Male) |
| 19:48 | Build | House |
| 19:49 | Build | House |
| 20:07 | Create | Scorpion |
| 20:14 | Build | Farm |
| 20:18 | Build | House |
| 20:19 | Build | House |
| 20:22 | Create | Villager (Male) |
| 20:22 | Create | Villager (Male) |
| 20:22 | Create | Villager (Male) |
| 20:35 | Build | Farm |
| 20:40 | Create | Villager (Male) |
| 20:40 | Create | Villager (Male) |
| 20:43 | Build | Farm |
| 20:44 | Build | Farm |
| 20:56 | Create | Mangonel |
| 21:31 | Create | Villager (Male) |
| 21:31 | Create | Villager (Male) |
| 21:40 | Build | Mining Camp |
| 22:12 | Create | Mangonel |
| 22:12 | Create | Mangonel |
| 22:18 | Create | Skirmisher |
| 22:20 | Create | Archer |
| 22:20 | Create | Archer |
| 22:20 | Create | Archer |
| 22:21 | Create | Villager (Male) |
| 22:22 | Create | Villager (Male) |
| 22:22 | Create | Villager (Male) |
| 22:43 | Create | Villager (Male) |
| 22:44 | Create | Villager (Male) |
| 22:47 | Build | House |
| 22:48 | Build | House |
| 22:54 | Create | Archer |
| 23:20 | Create | Villager (Male) |
| 23:20 | Create | Villager (Male) |
| 23:20 | Create | Villager (Male) |
| 23:41 | Create | Mangonel |
| 23:55 | Create | Mangonel |
| 24:01 | Build | Mining Camp |
| 24:13 | Create | Villager (Male) |
| 24:13 | Create | Villager (Male) |
| 24:14 | Create | Villager (Male) |
| 24:14 | Create | Villager (Male) |
| 24:14 | Create | Villager (Male) |
| 24:18 | Research | Town Watch |
| 24:40 | Create | Mangonel |
| 24:41 | Create | Villager (Male) |
| 24:41 | Create | Villager (Male) |
| 24:41 | Create | Villager (Male) |
| 24:47 | Build | House |
| 24:48 | Build | House |
| 24:54 | Build | Town Center |
| 25:17 | Build | Town Center |
| 25:21 | Create | Mangonel |
| 25:26 | Create | Villager (Male) |
| 25:26 | Create | Villager (Male) |
| 25:26 | Create | Villager (Male) |
| 25:26 | Create | Villager (Male) |
| 25:58 | Build | Mill |
| 26:22 | Create | Villager (Male) |
| 26:22 | Create | Villager (Male) |
| 26:22 | Create | Villager (Male) |
| 26:32 | Create | Archer |
| 26:32 | Create | Archer |
| 26:33 | Create | Archer |
| 26:33 | Create | Archer |
| 26:40 | Build | Farm |
| 26:41 | Build | Farm |
| 26:41 | Build | Farm |
| 26:41 | Build | Farm |
| 26:42 | Build | Farm |
Build order — monster
First 150 of 305 actions detected
| 0:41 | Build | Town Center |
| 1:02 | Build | Dock |
| 1:15 | Build | House |
| 3:14 | Create | Villager (Male) ×4 |
| 3:14 | Create | Villager (Male) ×4 |
| 3:47 | Create | Villager (Male) |
| 4:36 | Create | Villager (Male) |
| 4:37 | Create | Villager (Male) |
| 5:03 | Create | Villager (Male) |
| 5:03 | Create | Villager (Male) |
| 5:28 | Create | Villager (Male) |
| 5:28 | Create | Villager (Male) |
| 5:34 | Build | House |
| 6:07 | Create | Villager (Male) |
| 6:19 | Research | Loom |
| 6:37 | Create | Villager (Male) |
| 7:02 | Create | Villager (Male) |
| 7:02 | Create | Villager (Male) |
| 7:02 | Create | Villager (Male) |
| 7:23 | Create | Villager (Male) |
| 7:23 | Create | Villager (Male) |
| 7:32 | Build | House |
| 8:11 | Create | Fishing Ship |
| 8:37 | Create | Villager (Male) |
| 8:37 | Create | Villager (Male) |
| 8:53 | Create | Villager (Male) |
| 8:54 | Create | Villager (Male) |
| 8:54 | Create | Villager (Male) |
| 9:06 | Build | House |
| 9:08 | Create | Fishing Ship |
| 9:37 | Create | Villager (Male) |
| 9:37 | Create | Villager (Male) |
| 9:38 | Create | Villager (Male) |
| 9:50 | Build | Mill |
| 10:00 | Create | Fishing Ship |
| 10:00 | Create | Fishing Ship |
| 10:02 | Create | Villager (Male) |
| 10:02 | Create | Villager (Male) |
| 10:36 | Create | Fishing Ship |
| 10:36 | Create | Fishing Ship |
| 10:47 | Create | Villager (Male) |
| 11:15 | Build | House |
| 11:44 | Build | House |
| 11:44 | Build | House |
| 11:45 | Build | House |
| 11:45 | Build | House |
| 11:45 | Build | House |
| 11:45 | Build | House |
| 11:46 | Build | House |
| 12:01 | Research | Feudal Age |
| 12:31 | Build | Mill |
| 13:58 | Create | Villager (Male) |
| 13:59 | Create | Villager (Male) |
| 13:59 | Create | Villager (Male) |
| 13:59 | Create | Villager (Male) |
| 13:59 | Create | Villager (Male) |
| 14:00 | Create | Villager (Male) |
| 14:00 | Create | Villager (Male) |
| 14:00 | Create | Villager (Male) |
| 14:27 | Age | Feudal Age |
| 14:33 | Build | Market |
| 14:43 | Build | Blacksmith |
| 15:41 | Research | Castle Age |
| 16:06 | Build | Mining Camp |
| 16:37 | Build | Lumber Camp |
| 17:25 | Research | Double-Bit Axe |
| 17:29 | Research | Horse Collar |
| 17:34 | Create | Villager (Male) |
| 18:21 | Age | Castle Age |
| 18:24 | Build | Town Center |
| 18:30 | Create | Villager (Male) |
| 18:30 | Create | Villager (Male) |
| 18:30 | Create | Villager (Male) |
| 18:30 | Create | Villager (Male) |
| 18:31 | Create | Villager (Male) |
| 18:59 | Build | Town Center |
| 19:26 | Research | Bow Saw |
| 19:29 | Create | Villager (Male) |
| 19:29 | Create | Villager (Male) |
| 19:29 | Create | Villager (Male) |
| 19:49 | Create | Villager (Male) ×2 |
| 19:49 | Create | Villager (Male) ×2 |
| 20:08 | Build | Town Center |
| 20:11 | Create | Villager (Male) ×2 |
| 20:11 | Create | Villager (Male) ×2 |
| 20:45 | Create | Villager (Male) ×2 |
| 20:45 | Create | Villager (Male) ×2 |
| 21:16 | Build | Town Center |
| 21:33 | Create | Villager (Male) |
| 21:33 | Create | Villager (Male) |
| 22:24 | Build | Farm |
| 22:24 | Build | Farm |
| 22:24 | Build | Farm |
| 22:24 | Build | Farm |
| 22:25 | Build | Farm |
| 22:25 | Build | Farm |
| 22:25 | Build | Farm |
| 22:26 | Build | Farm |
| 22:31 | Create | Villager (Male) ×4 |
| 22:31 | Create | Villager (Male) ×4 |
| 22:31 | Create | Villager (Male) ×4 |
| 22:31 | Create | Villager (Male) ×4 |
| 22:36 | Create | Villager (Male) |
| 22:36 | Create | Villager (Male) |
| 23:04 | Build | Farm |
| 23:04 | Build | Farm |
| 23:05 | Build | Farm |
| 23:05 | Build | Farm |
| 23:05 | Build | Farm |
| 23:05 | Build | Farm |
| 23:06 | Build | Farm |
| 23:08 | Create | Villager (Male) |
| 23:08 | Create | Villager (Male) |
| 23:36 | Create | Villager (Male) |
| 23:40 | Build | Farm |
| 23:40 | Build | Farm |
| 23:41 | Build | Farm |
| 23:41 | Build | Farm |
| 23:41 | Build | Farm |
| 23:41 | Build | Farm |
| 23:42 | Build | Farm |
| 23:42 | Build | Farm |
| 23:42 | Build | Farm |
| 23:47 | Create | Villager (Male) ×3 |
| 23:47 | Create | Villager (Male) ×3 |
| 23:56 | Create | Villager (Male) |
| 24:04 | Build | House |
| 24:05 | Build | House |
| 24:05 | Build | House |
| 24:15 | Create | Villager (Male) |
| 24:29 | Create | Villager (Male) |
| 24:38 | Create | Villager (Male) |
| 24:39 | Create | Villager (Male) |
| 24:41 | Create | Villager (Male) |
| 24:42 | Create | Villager (Male) |
| 24:54 | Create | Villager (Male) |
| 25:05 | Create | Villager (Male) |
| 25:06 | Create | Villager (Male) |
| 25:07 | Create | Villager (Male) |
| 25:07 | Create | Villager (Male) |
| 25:20 | Create | Villager (Male) |
| 25:21 | Create | Villager (Male) |
| 25:21 | Create | Villager (Male) |
| 25:21 | Create | Villager (Male) |
| 25:21 | Create | Villager (Male) |
| 25:22 | Create | Villager (Male) |
| 25:34 | Build | Castle |
| 25:43 | Create | Villager (Male) ×3 |
| 25:54 | Build | Farm |
| 25:54 | Build | Farm |
Build order — LZZ
First 150 of 287 actions detected
| 0:03 | Build | Town Center |
| 0:21 | Build | House |
| 0:29 | Build | Town Center |
| 1:30 | Build | Palisade Wall |
| 1:33 | Build | Palisade Wall |
| 2:08 | Build | Dock |
| 2:52 | Research | Loom |
| 2:53 | Create | Villager (Male) |
| 2:53 | Create | Villager (Male) |
| 2:53 | Create | Villager (Male) |
| 2:53 | Create | Villager (Male) |
| 2:54 | Create | Villager (Male) |
| 2:54 | Create | Villager (Male) |
| 3:37 | Build | Palisade Wall |
| 3:40 | Build | Palisade Wall |
| 4:09 | Create | Villager (Male) |
| 4:09 | Create | Villager (Male) |
| 4:31 | Build | House |
| 4:48 | Create | Villager (Male) |
| 5:17 | Create | Villager (Male) |
| 5:42 | Create | Villager (Male) |
| 5:58 | Create | Fishing Ship |
| 6:06 | Create | Villager (Male) |
| 6:55 | Create | Villager (Male) |
| 6:56 | Create | Villager (Male) |
| 6:58 | Create | Fishing Ship |
| 7:04 | Build | House |
| 7:12 | Build | House |
| 7:21 | Create | Villager (Male) |
| 7:38 | Create | Villager (Male) |
| 7:40 | Create | Fishing Ship |
| 8:06 | Create | Villager (Male) |
| 8:07 | Create | Villager (Male) |
| 8:07 | Create | Villager (Male) |
| 8:20 | Create | Fishing Ship |
| 8:47 | Create | Villager (Male) |
| 8:49 | Create | Fishing Ship |
| 9:12 | Create | Fishing Ship |
| 9:28 | Create | Villager (Male) |
| 9:45 | Create | Villager (Male) |
| 10:09 | Build | House |
| 10:10 | Build | House |
| 10:14 | Create | Fishing Ship |
| 10:24 | Create | Villager (Male) |
| 10:26 | Build | Mill |
| 11:04 | Build | Mining Camp |
| 11:15 | Research | Feudal Age |
| 11:38 | Build | Lumber Camp |
| 13:19 | Create | Villager (Male) |
| 13:20 | Create | Villager (Male) |
| 13:37 | Age | Feudal Age |
| 13:39 | Build | Market |
| 14:04 | Build | Blacksmith |
| 14:26 | Research | Town Watch |
| 14:56 | Build | Lumber Camp |
| 15:21 | Research | Castle Age |
| 15:30 | Research | Double-Bit Axe |
| 16:05 | Research | Tech 906 |
| 17:21 | Create | Villager (Male) |
| 17:21 | Create | Villager (Male) |
| 18:01 | Age | Castle Age |
| 18:03 | Build | Town Center |
| 18:29 | Create | Villager (Male) |
| 18:37 | Build | Town Center |
| 18:58 | Create | Villager (Male) |
| 19:00 | Research | Bow Saw |
| 19:14 | Research | Gillnets |
| 19:21 | Create | Villager (Male) |
| 19:29 | Create | Villager (Male) |
| 19:30 | Create | Villager (Male) |
| 19:31 | Create | Villager (Male) |
| 20:02 | Create | Villager (Male) |
| 20:20 | Create | Villager (Male) |
| 20:21 | Create | Villager (Male) |
| 20:35 | Create | Villager (Male) |
| 20:35 | Create | Villager (Male) |
| 20:37 | Create | Villager (Male) |
| 20:54 | Create | Villager (Male) |
| 20:54 | Create | Villager (Male) |
| 21:06 | Build | House |
| 21:07 | Build | House |
| 21:08 | Build | House |
| 21:09 | Build | House |
| 21:11 | Create | Villager (Male) |
| 21:11 | Create | Villager (Male) |
| 21:22 | Research | Wheelbarrow |
| 21:38 | Create | Villager (Male) |
| 21:39 | Create | Villager (Male) |
| 21:53 | Research | Gold Mining |
| 22:25 | Build | Farm |
| 22:28 | Build | Farm |
| 22:30 | Build | Farm |
| 22:32 | Research | Horse Collar |
| 22:40 | Build | Fish Trap |
| 22:42 | Build | Fish Trap |
| 22:44 | Build | Fish Trap |
| 22:47 | Build | Fish Trap |
| 22:49 | Build | Fish Trap |
| 22:51 | Build | Fish Trap |
| 22:54 | Build | Fish Trap |
| 22:57 | Create | Fishing Ship |
| 22:57 | Create | Fishing Ship |
| 23:01 | Create | Fishing Ship |
| 23:05 | Create | Villager (Male) |
| 23:05 | Create | Villager (Male) |
| 23:07 | Create | Villager (Male) |
| 23:07 | Create | Villager (Male) |
| 23:07 | Create | Villager (Male) |
| 23:07 | Create | Villager (Male) |
| 23:16 | Build | Farm |
| 23:18 | Build | Farm |
| 23:45 | Build | Castle |
| 23:50 | Create | Villager (Male) |
| 23:50 | Create | Villager (Male) |
| 23:54 | Build | Fish Trap |
| 24:00 | Create | Villager (Male) |
| 24:06 | Build | Farm |
| 24:12 | Build | Farm |
| 24:16 | Build | Farm |
| 24:20 | Build | Farm |
| 24:21 | Create | Villager (Male) |
| 24:21 | Create | Villager (Male) |
| 24:26 | Build | Fish Trap |
| 24:32 | Create | Fishing Ship |
| 24:36 | Create | Villager (Male) |
| 24:37 | Create | Villager (Male) |
| 24:55 | Create | Villager (Male) |
| 24:55 | Create | Villager (Male) |
| 25:09 | Build | Fish Trap |
| 25:18 | Create | Villager (Male) |
| 25:18 | Create | Villager (Male) |
| 25:21 | Research | Heavy Plow |
| 25:35 | Build | Barracks |
| 25:40 | Create | Villager (Male) |
| 25:40 | Create | Villager (Male) |
| 25:42 | Create | Villager (Male) |
| 25:44 | Build | Fish Trap |
| 25:51 | Create | Villager (Male) |
| 25:51 | Create | Villager (Male) |
| 25:58 | Build | Farm |
| 26:01 | Build | Farm |
| 26:04 | Build | Farm |
| 26:08 | Build | Farm |
| 26:11 | Build | Farm |
| 26:11 | Create | Villager (Male) |
| 26:12 | Create | Villager (Male) |
| 26:12 | Create | Villager (Male) |
| 26:17 | Build | Farm |
| 26:19 | Build | Farm |
| 26:22 | Build | Farm |
Build order — Albert
First 150 of 277 actions detected
| 0:09 | Build | Town Center |
| 1:24 | Build | Dock |
| 2:36 | Create | Villager (Male) |
| 2:36 | Create | Villager (Male) |
| 2:37 | Create | Villager (Male) |
| 2:37 | Create | Villager (Male) |
| 2:59 | Build | House |
| 3:56 | Create | Fishing Ship |
| 4:21 | Create | Villager (Male) |
| 4:30 | Create | Fishing Ship |
| 4:46 | Research | Loom |
| 4:53 | Build | House |
| 5:22 | Create | Fishing Ship |
| 5:44 | Create | Villager (Male) |
| 6:04 | Create | Villager (Male) |
| 6:34 | Create | Villager (Male) |
| 6:35 | Create | Villager (Male) |
| 6:53 | Build | House |
| 7:14 | Create | Villager (Male) |
| 7:44 | Create | Villager (Male) |
| 8:00 | Create | Fishing Ship |
| 8:09 | Create | Villager (Male) |
| 8:32 | Create | Villager (Male) |
| 8:37 | Create | Fishing Ship |
| 8:55 | Build | House |
| 8:59 | Create | Villager (Male) |
| 9:27 | Build | House |
| 9:31 | Create | Villager (Male) |
| 9:45 | Create | Fishing Ship |
| 10:07 | Create | Villager (Male) |
| 10:23 | Create | Villager (Male) |
| 10:31 | Build | Mill |
| 10:50 | Create | Fishing Ship |
| 11:02 | Create | Villager (Male) |
| 11:21 | Build | House |
| 11:24 | Create | Villager (Male) |
| 11:31 | Build | Mining Camp |
| 11:38 | Research | Feudal Age |
| 12:42 | Build | Barracks |
| 13:15 | Build | Palisade Wall |
| 13:17 | Build | Palisade Wall |
| 13:24 | Create | Villager (Male) |
| 13:35 | Create | Villager (Male) |
| 13:43 | Build | House |
| 13:45 | Build | House |
| 14:04 | Age | Feudal Age |
| 14:07 | Build | Archery Range |
| 14:26 | Create | Unit 2626 |
| 14:48 | Create | Villager (Male) |
| 15:13 | Create | Villager (Male) |
| 15:15 | Build | Blacksmith |
| 15:19 | Create | Archer |
| 15:19 | Create | Archer |
| 15:43 | Create | Villager (Male) |
| 15:47 | Create | Archer |
| 16:22 | Build | Archery Range |
| 16:35 | Research | Castle Age |
| 17:01 | Create | Fire Galley |
| 17:14 | Create | Archer |
| 17:19 | Research | Fletching |
| 17:25 | Build | Market |
| 17:33 | Build | Lumber Camp |
| 18:05 | Create | Archer |
| 18:05 | Create | Archer |
| 19:15 | Age | Castle Age |
| 19:16 | Create | Villager (Male) |
| 19:18 | Build | Town Center |
| 19:20 | Research | Double-Bit Axe |
| 19:27 | Create | Archer |
| 19:27 | Create | Archer |
| 19:47 | Build | Farm |
| 20:04 | Create | Archer |
| 20:29 | Build | Town Center |
| 20:32 | Create | Villager (Male) |
| 20:34 | Create | Villager (Male) |
| 20:38 | Build | Farm |
| 20:46 | Build | Farm |
| 21:32 | Create | Archer |
| 21:32 | Create | Archer |
| 22:12 | Create | Villager (Male) |
| 22:43 | Build | Market |
| 22:48 | Build | Farm |
| 22:49 | Build | Farm |
| 22:50 | Build | Farm |
| 22:52 | Build | Farm |
| 22:58 | Create | Villager (Male) ×3 |
| 23:15 | Build | Farm |
| 23:16 | Build | Farm |
| 23:32 | Create | Villager (Male) |
| 23:38 | Research | Horse Collar |
| 23:48 | Create | Villager (Male) |
| 23:50 | Create | Villager (Male) |
| 24:03 | Create | Villager (Male) |
| 24:12 | Build | Farm |
| 24:13 | Create | Villager (Male) |
| 24:16 | Create | Archer |
| 24:27 | Create | Villager (Male) |
| 24:28 | Create | Villager (Male) |
| 24:28 | Create | Villager (Male) |
| 24:50 | Create | Archer |
| 24:50 | Create | Archer |
| 24:55 | Research | Crossbowman (upgrade) |
| 25:08 | Build | Farm |
| 25:14 | Create | Villager (Male) |
| 25:14 | Create | Villager (Male) |
| 25:19 | Build | House |
| 25:20 | Build | House |
| 26:03 | Research | Bodkin Arrow |
| 26:04 | Research | Bow Saw |
| 26:04 | Research | Bow Saw |
| 26:15 | Build | Farm |
| 26:21 | Create | Villager (Male) |
| 26:22 | Create | Archer |
| 26:23 | Create | Archer |
| 26:29 | Build | Farm |
| 26:41 | Create | Archer |
| 26:43 | Create | Villager (Male) ×2 |
| 26:50 | Build | House |
| 26:54 | Create | Villager (Male) |
| 26:54 | Create | Villager (Male) |
| 27:06 | Build | Farm |
| 27:11 | Create | Archer |
| 27:11 | Create | Archer |
| 27:12 | Create | Villager (Male) ×2 |
| 27:43 | Create | Villager (Male) |
| 27:43 | Create | Villager (Male) |
| 27:44 | Create | Villager (Male) |
| 27:44 | Create | Archer |
| 27:45 | Create | Archer |
| 27:51 | Build | House |
| 27:52 | Build | House |
| 28:27 | Build | University |
| 28:30 | Create | Villager (Male) ×5 |
| 28:54 | Create | Archer |
| 28:55 | Create | Archer |
| 28:55 | Create | Archer |
| 28:56 | Create | Villager (Male) ×3 |
| 28:59 | Build | House |
| 29:00 | Build | House |
| 29:06 | Build | University |
| 29:09 | Create | Villager (Male) ×3 |
| 29:10 | Create | Archer |
| 29:11 | Create | Archer |
| 29:11 | Create | Archer |
| 29:23 | Build | Archery Range |
| 29:31 | Research | Padded Archer Armor |
| 29:54 | Build | House |
| 29:55 | Build | House |
| 30:16 | Build | Castle |
| 30:19 | Create | Villager (Male) ×5 |
Build order — dongquangthang
First 150 of 267 actions detected
| 0:34 | Build | Town Center |
| 0:47 | Build | Dock |
| 0:49 | Build | House |
| 2:46 | Create | Villager (Male) |
| 2:47 | Create | Villager (Male) |
| 2:47 | Create | Villager (Male) |
| 2:47 | Create | Villager (Male) |
| 3:22 | Build | House |
| 3:28 | Research | Loom |
| 3:56 | Create | Villager (Male) |
| 3:56 | Create | Villager (Male) |
| 3:56 | Create | Villager (Male) |
| 4:24 | Create | Fishing Ship |
| 4:52 | Create | Villager (Male) |
| 4:53 | Create | Villager (Male) |
| 4:53 | Create | Villager (Male) |
| 5:30 | Build | House |
| 5:36 | Create | Fishing Ship |
| 5:39 | Create | Villager (Male) |
| 5:40 | Create | Villager (Male) |
| 5:49 | Create | Villager (Male) |
| 5:49 | Create | Villager (Male) |
| 6:23 | Create | Villager (Male) |
| 6:23 | Create | Villager (Male) |
| 6:44 | Create | Fishing Ship |
| 6:51 | Create | Villager (Male) |
| 6:51 | Create | Villager (Male) |
| 6:58 | Create | Villager (Male) |
| 6:58 | Create | Villager (Male) |
| 6:58 | Create | Villager (Male) |
| 7:29 | Create | Fishing Ship |
| 7:40 | Create | Villager (Male) |
| 7:40 | Create | Villager (Male) |
| 7:40 | Create | Villager (Male) |
| 8:07 | Create | Villager (Male) |
| 8:22 | Build | House |
| 8:29 | Create | Villager (Male) |
| 8:32 | Create | Fishing Ship |
| 9:05 | Create | Villager (Male) |
| 9:08 | Create | Fishing Ship |
| 9:23 | Create | Villager (Male) |
| 9:53 | Create | Villager (Male) |
| 9:54 | Create | Fishing Ship |
| 10:08 | Build | Lumber Camp |
| 10:39 | Create | Villager (Male) |
| 10:44 | Research | Feudal Age |
| 10:47 | Build | Mill |
| 11:18 | Create | Fishing Ship |
| 11:40 | Build | House |
| 12:08 | Build | Barracks |
| 12:39 | Create | Villager (Male) |
| 12:39 | Create | Villager (Male) |
| 12:51 | Build | Mining Camp |
| 12:54 | Age | Feudal Age |
| 12:58 | Research | Double-Bit Axe |
| 13:09 | Create | Unit 2626 |
| 13:09 | Create | Unit 2626 |
| 13:13 | Create | Villager (Male) |
| 13:56 | Create | Villager (Male) |
| 14:10 | Build | House |
| 14:12 | Build | Blacksmith |
| 14:17 | Create | Villager (Male) |
| 14:35 | Create | Villager (Male) |
| 15:21 | Create | Villager (Male) |
| 15:29 | Build | Archery Range |
| 15:31 | Build | House |
| 15:39 | Create | Villager (Male) |
| 15:44 | Create | Unit 2626 |
| 16:02 | Create | Villager (Male) |
| 16:06 | Build | Mining Camp |
| 16:20 | Research | Castle Age |
| 17:09 | Research | Stone Mining |
| 17:09 | Research | Gold Mining |
| 17:10 | Research | Gold Mining |
| 17:47 | Research | Forging |
| 17:48 | Research | Fletching |
| 17:48 | Research | Fletching |
| 17:50 | Research | Padded Archer Armor |
| 17:50 | Research | Padded Archer Armor |
| 17:50 | Research | Scale Mail Armor |
| 17:51 | Research | Scale Mail Armor |
| 17:51 | Research | Scale Mail Armor |
| 17:53 | Create | Eagle Scout |
| 17:53 | Create | Eagle Scout |
| 17:54 | Create | Eagle Scout |
| 18:09 | Create | Archer |
| 18:09 | Create | Archer |
| 18:10 | Create | Archer |
| 18:10 | Create | Archer |
| 18:42 | Research | Horse Collar |
| 18:56 | Create | Unit 2626 |
| 19:19 | Age | Castle Age |
| 19:22 | Create | Villager (Male) |
| 19:22 | Create | Villager (Male) |
| 19:23 | Create | Villager (Male) |
| 19:27 | Research | Wheelbarrow |
| 19:32 | Build | House |
| 19:49 | Research | Crossbowman (upgrade) |
| 19:51 | Create | Archer |
| 19:52 | Create | Archer |
| 20:08 | Research | Bodkin Arrow |
| 20:10 | Research | Bow Saw |
| 20:17 | Build | House |
| 20:23 | Create | Villager (Male) |
| 20:45 | Create | Villager (Male) |
| 21:43 | Build | Town Center |
| 22:11 | Create | Villager (Male) |
| 22:13 | Research | Hand Cart |
| 22:45 | Create | Villager (Male) |
| 23:36 | Build | Archery Range |
| 23:40 | Create | Archer |
| 23:41 | Create | Archer |
| 23:51 | Create | Villager (Male) |
| 24:03 | Build | House |
| 24:05 | Create | Villager (Male) |
| 24:08 | Create | Villager (Male) |
| 24:12 | Research | Leather Archer Armor |
| 24:13 | Research | Chain Mail Armor |
| 24:13 | Research | Chain Mail Armor |
| 24:13 | Research | Chain Mail Armor |
| 24:34 | Create | Eagle Scout |
| 24:37 | Create | Villager (Male) |
| 24:40 | Create | Villager (Male) |
| 24:57 | Create | Archer |
| 24:58 | Create | Archer |
| 25:10 | Build | Castle |
| 25:49 | Research | Thumb Ring |
| 25:50 | Create | Archer ×5 |
| 25:55 | Create | Eagle Scout ×2 |
| 26:00 | Create | Villager (Male) |
| 26:14 | Build | Lumber Camp |
| 26:20 | Create | Villager (Male) |
| 26:25 | Build | House |
| 26:25 | Build | House |
| 26:26 | Build | House |
| 26:27 | Build | House |
| 26:49 | Build | Market |
| 26:56 | Create | Villager (Male) |
| 26:57 | Create | Villager (Male) |
| 27:03 | Create | Villager (Male) |
| 27:03 | Create | Villager (Male) |
| 27:21 | Create | Villager (Male) |
| 27:37 | Build | Mill |
| 27:50 | Build | Town Center |
| 28:17 | Build | Town Center |
| 28:21 | Research | Town Watch |
| 29:06 | Create | Villager (Male) |
| 29:18 | Build | Castle |
| 29:25 | Create | Villager (Male) |
| 29:25 | Create | Villager (Male) |
Build order — KitKat
90 actions detected in the replay
| 0:10 | Build | Town Center |
| 2:21 | Build | Dock |
| 2:23 | Build | House |
| 2:30 | Create | Villager (Male) ×4 |
| 3:28 | Create | Fishing Ship |
| 4:06 | Research | Loom |
| 4:16 | Build | House |
| 4:32 | Create | Villager (Male) |
| 5:01 | Create | Fishing Ship |
| 5:06 | Create | Villager (Male) |
| 5:12 | Build | Palisade Wall |
| 5:14 | Build | Palisade Wall |
| 5:17 | Build | Palisade Wall |
| 5:20 | Build | Palisade Wall |
| 5:32 | Build | Palisade Wall |
| 5:45 | Create | Villager (Male) |
| 6:13 | Create | Villager (Male) |
| 6:14 | Create | Fishing Ship |
| 6:40 | Create | Villager (Male) |
| 6:41 | Create | Fishing Ship |
| 6:45 | Build | House |
| 7:05 | Create | Villager (Male) |
| 7:14 | Create | Fishing Ship |
| 7:26 | Build | House |
| 7:33 | Create | Villager (Male) |
| 7:52 | Create | Villager (Male) |
| 8:02 | Create | Fishing Ship |
| 8:24 | Build | Mill |
| 8:31 | Create | Villager (Male) |
| 8:31 | Create | Villager (Male) |
| 8:39 | Create | Villager (Male) |
| 8:44 | Create | Fishing Ship |
| 9:00 | Build | House |
| 9:49 | Create | Villager (Male) |
| 10:15 | Research | Feudal Age |
| 11:02 | Build | Mining Camp |
| 11:26 | Create | Villager (Male) |
| 11:51 | Build | House |
| 12:07 | Create | Villager (Male) |
| 12:25 | Age | Feudal Age |
| 12:28 | Research | Town Watch |
| 12:40 | Build | Market |
| 12:45 | Build | Blacksmith |
| 13:03 | Build | Mining Camp |
| 13:13 | Create | Villager (Male) |
| 13:14 | Research | Town Watch |
| 13:51 | Research | Castle Age |
| 14:01 | Research | Stone Mining |
| 14:18 | Build | Lumber Camp |
| 14:57 | Create | Unit 2626 |
| 15:33 | Research | Double-Bit Axe |
| 15:40 | Research | Gold Mining |
| 15:49 | Create | Villager (Male) |
| 15:52 | Create | Villager (Male) |
| 16:31 | Age | Castle Age |
| 16:36 | Create | Villager (Male) |
| 17:11 | Build | Castle |
| 17:13 | Create | Villager (Male) |
| 17:46 | Build | Town Center |
| 17:52 | Create | Villager (Male) |
| 18:30 | Create | Genoese Crossbowman |
| 18:31 | Create | Genoese Crossbowman |
| 18:32 | Create | Genoese Crossbowman |
| 18:43 | Build | Siege Workshop |
| 19:14 | Create | Genoese Crossbowman |
| 19:17 | Create | Villager (Male) |
| 19:19 | Create | Villager (Male) |
| 19:44 | Create | Mangonel |
| 20:00 | Create | Villager (Male) |
| 20:00 | Create | Villager (Male) |
| 20:03 | Create | Villager (Male) |
| 20:29 | Create | Villager (Male) |
| 20:31 | Create | Villager (Male) |
| 20:58 | Create | Villager (Male) |
| 21:21 | Create | Mangonel |
| 21:31 | Create | Genoese Crossbowman |
| 21:31 | Create | Genoese Crossbowman |
| 21:32 | Create | Genoese Crossbowman |
| 22:19 | Create | Villager (Male) |
| 22:20 | Create | Villager (Male) |
| 23:09 | Create | Villager (Male) |
| 23:09 | Create | Villager (Male) |
| 23:20 | Create | Genoese Crossbowman |
| 24:16 | Create | Villager (Male) |
| 24:16 | Create | Villager (Male) |
| 24:24 | Create | Genoese Crossbowman |
| 24:41 | Build | House |
| 24:51 | Create | Villager (Male) |
| 24:52 | Create | Villager (Male) |
| 24:55 | Create | Villager (Male) |
Build order — Shaun Ng
First 150 of 326 actions detected
| 0:04 | Build | Town Center |
| 1:15 | Build | Dock |
| 2:31 | Create | Fishing Ship |
| 2:48 | Create | Villager (Male) |
| 2:49 | Create | Villager (Male) |
| 2:49 | Create | Villager (Male) |
| 2:49 | Create | Villager (Male) |
| 2:51 | Build | House |
| 2:56 | Create | Villager (Male) |
| 2:56 | Create | Villager (Male) |
| 3:51 | Create | Villager (Male) |
| 3:51 | Create | Villager (Male) |
| 4:01 | Build | House |
| 4:08 | Build | House |
| 4:23 | Build | House |
| 4:42 | Create | Villager (Male) |
| 4:43 | Create | Villager (Male) |
| 4:46 | Create | Fishing Ship |
| 5:16 | Create | Villager (Male) |
| 5:43 | Create | Villager (Male) |
| 5:43 | Create | Villager (Male) |
| 5:52 | Create | Fishing Ship |
| 6:06 | Build | House |
| 6:16 | Create | Villager (Male) |
| 6:18 | Create | Villager (Male) |
| 6:19 | Create | Villager (Male) |
| 6:29 | Research | Loom |
| 6:53 | Create | Villager (Male) |
| 6:53 | Create | Villager (Male) |
| 6:54 | Create | Villager (Male) |
| 6:54 | Create | Villager (Male) |
| 7:00 | Build | House |
| 7:16 | Create | Villager (Male) |
| 7:16 | Create | Villager (Male) |
| 7:18 | Create | Fishing Ship |
| 7:25 | Build | House |
| 7:55 | Create | Fishing Ship |
| 8:03 | Build | House |
| 8:40 | Create | Villager (Male) |
| 8:40 | Create | Villager (Male) |
| 8:52 | Build | Palisade Wall |
| 9:23 | Build | House |
| 9:33 | Create | Fishing Ship |
| 9:45 | Create | Villager (Male) |
| 9:46 | Create | Villager (Male) |
| 9:47 | Create | Villager (Male) |
| 9:47 | Create | Villager (Male) |
| 10:19 | Build | House |
| 10:26 | Build | Palisade Wall |
| 10:39 | Create | Villager (Male) |
| 11:04 | Build | House |
| 11:37 | Build | Mining Camp |
| 11:46 | Create | Villager (Male) |
| 12:07 | Build | Dock |
| 12:10 | Create | Fishing Ship |
| 12:15 | Create | Villager (Male) |
| 12:15 | Create | Villager (Male) |
| 12:19 | Build | House |
| 12:28 | Research | Feudal Age |
| 12:36 | Build | Lumber Camp |
| 12:45 | Build | House |
| 14:18 | Create | Villager (Male) |
| 14:19 | Create | Villager (Male) |
| 14:42 | Age | Feudal Age |
| 14:53 | Build | Blacksmith |
| 14:56 | Build | Mill |
| 15:01 | Research | Town Watch |
| 15:52 | Create | Villager (Male) |
| 15:52 | Create | Villager (Male) |
| 15:57 | Build | Dock |
| 16:01 | Create | Villager (Male) |
| 16:04 | Build | Market |
| 16:38 | Research | Double-Bit Axe |
| 16:47 | Build | House |
| 16:51 | Research | Castle Age |
| 16:54 | Create | Unit 2626 |
| 17:06 | Build | Palisade Wall |
| 17:51 | Create | Unit 2626 |
| 18:36 | Create | Unit 2626 |
| 18:51 | Build | Dock |
| 19:10 | Create | Villager (Male) |
| 19:11 | Create | Villager (Male) |
| 19:11 | Create | Villager (Male) |
| 19:16 | Age | Castle Age |
| 19:20 | Build | Town Center |
| 19:31 | Build | Town Center |
| 19:40 | Create | Unit 2626 |
| 19:48 | Research | War Galley (upgrade) |
| 19:55 | Research | Bow Saw |
| 20:09 | Build | Barracks |
| 20:28 | Create | Villager (Male) |
| 20:28 | Create | Villager (Male) |
| 20:53 | Build | Town Center |
| 20:55 | Create | Villager (Male) ×5 |
| 21:09 | Create | Unit 2626 |
| 21:15 | Build | Dock |
| 21:20 | Create | Villager (Male) ×5 |
| 21:25 | Build | Farm |
| 21:26 | Build | Farm |
| 21:29 | Build | Farm |
| 21:30 | Build | Farm |
| 21:32 | Build | Farm |
| 21:44 | Build | Palisade Wall |
| 21:52 | Create | Villager (Male) ×2 |
| 21:56 | Create | Unit 2626 |
| 22:06 | Create | Unit 2626 |
| 22:09 | Research | Scale Mail Armor |
| 22:31 | Build | Stone Wall |
| 22:41 | Build | Stone Wall |
| 22:44 | Build | Stone Wall |
| 22:53 | Build | Stone Wall |
| 23:01 | Build | Stone Wall |
| 23:02 | Build | Stone Wall |
| 23:21 | Build | Stone Wall |
| 23:29 | Create | Villager (Male) ×5 |
| 23:31 | Create | Villager (Male) |
| 23:35 | Build | Barracks |
| 23:44 | Create | Unit 2626 |
| 23:46 | Create | Spearman |
| 23:54 | Build | Farm |
| 23:55 | Build | Farm |
| 23:55 | Build | Farm |
| 23:56 | Create | Villager (Male) ×2 |
| 24:12 | Create | Villager (Male) ×2 |
| 24:32 | Create | Villager (Male) |
| 24:41 | Build | Palisade Wall |
| 24:47 | Create | Villager (Male) ×3 |
| 24:51 | Build | Farm |
| 24:51 | Build | Farm |
| 24:52 | Build | Farm |
| 24:56 | Research | Horse Collar |
| 25:06 | Create | Unit 2626 |
| 25:07 | Create | Unit 2626 |
| 25:18 | Create | Villager (Male) ×3 |
| 25:31 | Create | Villager (Male) ×2 |
| 25:37 | Build | Farm |
| 25:38 | Build | Farm |
| 25:38 | Build | Farm |
| 25:38 | Build | Farm |
| 25:59 | Build | Farm |
| 25:59 | Build | Farm |
| 26:00 | Build | Farm |
| 26:00 | Build | Farm |
| 26:00 | Build | Farm |
| 26:04 | Build | Mill |
| 26:11 | Create | Spearman |
| 26:11 | Create | Spearman |
| 26:19 | Research | Pikeman (upgrade) |
| 26:47 | Research | Wheelbarrow |
| 26:51 | Create | Villager (Male) ×5 |
Match timeline
| 0:25 | Hurin · first_building Dock |
| 0:47 | dongquangthang · first_building Dock |
| 1:02 | monster · first_building Dock |
| 1:15 | Shaun Ng · first_building Dock |
| 1:24 | Albert · first_building Dock |
| 1:30 | LZZ · wall_segment Palisade Wall x1 |
| 1:33 | LZZ · wall_segment Palisade Wall x1 |
| 2:08 | LZZ · first_building Dock |
| 2:21 | KitKat · first_building Dock |
| 3:37 | LZZ · wall_segment Palisade Wall x1 |
| 3:40 | LZZ · wall_segment Palisade Wall x1 |
| 5:12 | KitKat · wall_segment Palisade Wall x1 |
| 5:14 | DonGet · first_building Dock |
| 5:14 | KitKat · wall_segment Palisade Wall x1 |
| 5:17 | KitKat · wall_segment Palisade Wall x1 |
| 5:20 | KitKat · wall_segment Palisade Wall x1 |
| 5:32 | KitKat · wall_segment Palisade Wall x1 |
| 8:52 | Shaun Ng · wall_segment Palisade Wall x1 |
| 10:26 | Shaun Ng · wall_segment Palisade Wall x1 |
| 11:33 | Hurin · first_building Barracks |
| 12:08 | dongquangthang · first_building Barracks |
| 12:25 | KitKat · age_up feudal |
| 12:31 | Hurin · age_up feudal |
| 12:35 | Hurin · first_building Archery Range |
| 12:42 | Albert · first_building Barracks |
| 12:54 | dongquangthang · age_up feudal |
| 13:14 | DonGet · first_building Barracks |
| 13:15 | Albert · wall_segment Palisade Wall x1 |
| 13:17 | Albert · wall_segment Palisade Wall x1 |
| 13:37 | LZZ · age_up feudal |
| 14:04 | Albert · age_up feudal |
| 14:07 | Albert · first_building Archery Range |
| 14:27 | monster · age_up feudal |
| 14:41 | Hurin · first_market_sell 100 wood |
| 14:42 | Shaun Ng · age_up feudal |
| 14:56 | DonGet · age_up feudal |
| 15:03 | Hurin · first_market_buy 100 food |
| 15:05 | DonGet · first_building Stable |
| 15:29 | dongquangthang · first_building Archery Range |
| 16:31 | KitKat · age_up castle |
| 16:36 | DonGet · first_building Archery Range |
| 17:06 | Shaun Ng · wall_segment Palisade Wall x1 |
| 17:11 | KitKat · first_building Castle |
| 17:30 | KitKat · first_market_buy 100 stone |
| 17:44 | Hurin · age_up castle |
| 17:48 | Hurin · first_building Siege Workshop |
| 18:01 | LZZ · age_up castle |
| 18:21 | monster · age_up castle |
| 18:43 | KitKat · first_building Siege Workshop |
| 19:15 | Albert · age_up castle |
| 19:16 | DonGet · age_up castle |
| 19:16 | Shaun Ng · age_up castle |
| 19:19 | dongquangthang · age_up castle |
| 19:34 | monster · first_market_buy 100 wood |
| 19:43 | KitKat · first_market_sell 100 stone |
| 20:09 | Shaun Ng · first_building Barracks |
| 20:36 | Shaun Ng · first_market_buy 100 stone |
| 21:44 | Shaun Ng · wall_segment Palisade Wall x9 |
| 22:31 | Shaun Ng · wall_segment Stone Wall x1 |
| 22:41 | Shaun Ng · wall_segment Stone Wall x1 |
| 22:44 | Shaun Ng · wall_segment Stone Wall x1 |
| 22:53 | Shaun Ng · wall_segment Stone Wall x5 |
| 23:01 | Shaun Ng · wall_segment Stone Wall x1 |
| 23:02 | Shaun Ng · wall_segment Stone Wall x1 |
| 23:21 | Shaun Ng · wall_segment Stone Wall x1 |
| 23:26 | Albert · first_market_buy 100 food |
| 23:45 | LZZ · first_building Castle |
| 24:41 | Shaun Ng · wall_segment Palisade Wall x4 |
| 25:10 | dongquangthang · first_building Castle |
| 25:24 | KitKat · resign |
| 25:34 | monster · first_building Castle |
| 25:35 | LZZ · first_building Barracks |
| 27:03 | monster · first_building Siege Workshop |
| 27:08 | Shaun Ng · wall_segment Stone Wall x8 |
| 27:15 | Shaun Ng · first_market_sell 500 wood |
| 27:28 | Shaun Ng · wall_segment Palisade Wall x1 |
| 27:28 | Shaun Ng · wall_segment Palisade Wall x1 |
| 27:29 | Shaun Ng · wall_segment Palisade Wall x1 |
| 28:01 | monster · first_building Krepost |
| 28:04 | dongquangthang · first_market_buy 100 wood |
| 28:06 | DonGet · first_building Castle |
| 29:35 | monster · first_market_sell 100 wood |
| 30:16 | Albert · first_building Castle |
| 30:42 | Shaun Ng · first_building Monastery |
| 31:02 | dongquangthang · first_building Siege Workshop |
| 31:31 | LZZ · age_up imperial |
| 32:31 | Shaun Ng · first_building Castle |
| 33:33 | DonGet · age_up imperial |
| 33:48 | Hurin · first_building Castle |
| 34:22 | Shaun Ng · age_up imperial |
| 34:31 | Shaun Ng · first_building Stable |
| 34:33 | dongquangthang · first_market_sell 100 stone |
| 38:46 | Hurin · age_up imperial |
| 40:29 | Shaun Ng · first_building Siege Workshop |
| 40:35 | dongquangthang · age_up imperial |
| 43:32 | LZZ · tribute_sent a jugador 1 |
| 43:32 | LZZ · tribute_sent a jugador 2 |
| 43:32 | LZZ · tribute_sent a jugador 3 |
| 43:32 | LZZ · tribute_sent a jugador 5 |
| 43:32 | LZZ · tribute_sent a jugador 6 |
| 43:32 | LZZ · tribute_sent a jugador 7 |
| 43:32 | LZZ · tribute_sent a jugador 8 |
| 43:52 | Shaun Ng · tribute_sent a jugador 1 |
| 43:52 | Shaun Ng · tribute_sent a jugador 2 |
| 43:52 | Shaun Ng · tribute_sent a jugador 3 |
| 43:52 | Shaun Ng · tribute_sent a jugador 4 |
| 43:52 | Shaun Ng · tribute_sent a jugador 5 |
| 43:52 | Shaun Ng · tribute_sent a jugador 6 |
| 43:52 | Shaun Ng · tribute_sent a jugador 7 |
[ AI ANALYSIS · 1 CREDIT ]
What really happened in this match?
Wolo.gg analyzes every decision: build order, eco, micro, common mistakes by bracket. Personalized analysis on WhatsApp or Discord in 30 seconds.
Civ guide
Huns
Perfil
DonGet